 Dungeon Crawl Stone Soup version 0.22.1-1-ga44c0e5 (webtiles) character file.

60 robertstho the Sneak (level 3, -2/24 HPs)
             Began as a Vampire Enchanter on Sept 20, 2018.
             Slain by a gnoll
             ... wielding a +0 whip
              (9 damage)
             ... on level 2 of the Dungeon.
             The game lasted 00:03:55 (1298 turns).

robertstho the Sneak (Vampire Enchanter)            Turns: 1298, Time: 00:03:55

Health: -2/24      AC:  3    Str:  7    XL:     3   Next: 82%
Magic:  6/6        EV: 12    Int: 18    God:
Gold:   18         SH:  3    Dex: 14    Spells: 5/6 levels left

rFire    . . .     SeeInvis +   m - +2 short sword (venom)
rCold    . . .     Gourm    .   j - +0 buckler
rNeg     + . .     Faith    .   b - +0 robe
rPois    .         Spirit   .   (no helmet)
rElec    .         Reflect  .   (no cloak)
rCorr    .         Harm     .   (no gloves)
MR       .....                  h - +0 pair of boots (curse)
Stlth    +++.......             (no amulet)
HPRegen  0.08/turn              (no ring)
MPRegen  0.10/turn              (no ring)

@: no status effects
A: fangs 3, see invisible, unbreathing
a: Bat Form


You were on level 2 of the Dungeon.
You were not thirsty.

You visited 1 branch of the dungeon, and saw 2 of its levels.

You collected 18 gold pieces.

Inventory:

Hand Weapons
 a - a +2 dagger
 k - a +3 hunting sling
 m - a +2 short sword of venom (weapon)
Missiles
 n - 39 sling bullets
Armour
 b - a +0 robe (worn)
 h - a cursed +0 pair of boots (worn)
 j - a +0 buckler (worn)
Scrolls
 c - 2 scrolls of amnesia
 g - a scroll of identify
 i - a scroll of enchant weapon
Potions
 d - 17 potions of blood
 e - a potion of flight {unknown}
 f - a potion of curing {unknown}
 l - a potion of agility {unknown}


   Skills:
 + Level 0.2 Fighting
 + Level 2.0 Short Blades
 + Level 2.7 Dodging
 + Level 5.5 Stealth
 + Level 0.1 Shields
 + Level 2.1 Spellcasting
 + Level 5.0 Hexes


You had 5 spell levels left.
You knew the following spells:

 Your Spells              Type           Power        Failure   Level  Hunger
a - Corona                Hex            ###....      3%          1    #......

Your spell library contained the following spells:

 Spells                   Type           Power        Failure   Level  Hunger
 Confuse                  Hex            ###.....     11%         3    ###....
 Tukima's Dance           Hex            ###.....     11%         3    ###....
 Ensorcelled Hibernation  Hex/Ice        ##....       16%         2    ###....
 Dazzling Spray           Conj/Hex       ##....       30%         3    ###....


Dungeon Overview and Level Annotations

Branches:
Dungeon (2/15)

Altars:

Annotations:
D:2 Sigmund


Innate Abilities, Weirdness & Mutations

You have razor-sharp teeth.
You have supernaturally acute eyesight. (SInv)
You can survive without breathing.


Message History

The gnoll is heavily wounded.
The gnoll misses you. The gnoll barely misses you.
Found a ration.
You block the gnoll's attack.
You hit the gnoll.
You kill the gnoll!
The gnoll hits you from afar with a spear!
A bat comes into view.
The bat moves out of view.
You start resting.
The gnoll is too close now for your liking.
You barely miss the gnoll. Your bite misses the gnoll. You hit the gnoll.
The gnoll is lightly wounded.
The gnoll barely misses you. The gnoll hits you with a whip.
* * * LOW HITPOINT WARNING * * *
You hit the gnoll.
The gnoll is poisoned.
You bite the gnoll, but do no damage.
The gnoll is heavily wounded.
The gnoll hits you but does no damage. The gnoll hits you with a whip!
You die...

.......
#.............
....###
###....#....# .####
......#....# ##
##...%.....#
#.....#....#
#.....#....#
####..gg......# #
###)...####g....# ..
##...#####.@g.#.....
#.## #..###
#...........
#...##.##
#............ #..#.#
#............ #...#
#............
####g#.#
#............
#....#.#
#............
#g####.#
...###.#..#.
.....#..


You could see 2 gnolls.

Vanquished Creatures
  A gnoll (D:2)
  An adder (D:2)
  A dart slug (D:1)
  A leopard gecko (D:1)
  5 bats (D:1)
  2 giant cockroaches
  3 hobgoblins
  4 jackals (D:2)
  A quokka (D:2)
  A frilled lizard (D:1)
  6 goblins
  7 kobolds
  4 rats
37 creatures vanquished.

Notes
Turn   | Place    | Note
-------+----------+-------------------------------------------
     0 | D:1      | robertstho the Vampire Enchanter began the quest for the
                  | Orb.
     0 | D:1      | Reached XP level 1. HP: 13/13 MP: 3/3
     6 | D:1      | Noticed a black mamba
     6 | D:1      | Noticed a redback
     7 | D:1      | Noticed a seven-headed hydra
   131 | D:1      | Reached XP level 2. HP: 14/19 MP: 5/5
   217 | D:1      | Reached skill level 5 in Stealth
   398 | D:1      | You fall through a shaft!
   398 | D:2      | Noticed Sigmund
   418 | D:2      | Reached skill level 5 in Hexes
   444 | D:2      | Reached XP level 3. HP: 12/24 MP: 3/6
  1298 | D:2      | Slain by a gnoll

Skill      XL: |  1  2  3 |
---------------+----------+-----
Stealth        | 5 |  5.5
Hexes          | 5 |  5.0
Short Blades   | 2 |  2.0
Fighting       | |  0.2
Dodging        | |  2.7
Shields        | |  0.1
Spellcasting   | |  2.1

Action                   || total
-------------------------++-------
Melee: Dagger            ||   142
       Bite              ||     7
       Short sword       ||     6
 Cast: Corona            ||     8
  Use: Scroll            ||     5
       Potion            ||     2
 Stab: Sleeping          ||     7
Armor: Robe              ||    27
       Skin              ||    70
Dodge: Dodged            ||   103
Block: Buckler           ||    23
